 Dungeon Crawl Stone Soup version 0.30-a0-808-g6e0788376e (webtiles) character file.

Game seed: 9277784203231101866

307 cforsyth the Sneak (level 6, -3/38 HPs)
             Began as a Kobold Brigand on Feb 25, 2023.
             Killed by divine providence
             ... invoked by an orc priest
              (12 damage)
             ... on level 4 of the Dungeon.
             The game lasted 00:02:40 (2342 turns).

cforsyth the Sneak (Kobold Brigand)                 Turns: 2342, Time: 00:02:40

Health: -3/38      AC:  3    Str:  8    XL:     6   Next: 68%
Magic:  6/6        EV: 16    Int: 13    God:
Gold:   50         SH:  0    Dex: 18    Spells: 5/5 levels left

rFire   . . .      SeeInvis .    a - +2 dagger
rCold   . . .      Faith    .    (no shield)
rNeg    . . .      Spirit   .    b - +0 robe
rPois   .          Reflect  .    (no helmet)
rElec   .          Harm     .    c - +0 cloak
rCorr   .          Rampage  .    (no gloves)
Will    .....                    (no boots)
Stlth   +++++                    (no amulet)
HPRegen 0.26/turn                (no ring)
MPRegen 0.10/turn                (no ring)

@: brilliant, on berserk cooldown, slowed, very slow
A: small, no large weapons, nightstalker 3
a: no special abilities


You were on level 4 of the Dungeon.
You visited 1 branch of the dungeon, and saw 4 of its levels.

You collected 94 gold pieces.
You spent 44 gold pieces at shops.

Inventory:

Hand Weapons
 a - a +2 dagger (weapon)
Missiles
 d - 9 poisoned darts (quivered)
 e - 3 curare-tipped darts
Armour
 b - a +0 robe (worn)
 c - a +0 cloak (worn)
Scrolls
 h - a scroll of amnesia {unknown}
 j - 2 scrolls of poison {unknown}
 k - 3 scrolls of identify {unknown}
 l - 2 scrolls of teleportation {unknown}
 p - a scroll of enchant weapon {unknown}
 q - a scroll of fog {unknown}
 r - a scroll of magic mapping {unknown}
Potions
 f - 2 potions of flight {unknown}
 g - a potion of berserk rage
 i - a potion of curing
 m - a potion of brilliance
 n - a potion of magic {unknown}
 o - a potion of haste {unknown}


   Skills:
 + Level 4.0 Fighting
 + Level 4.8 Short Blades
 - Level 2.1 Throwing
 + Level 3.8 Dodging
 + Level 6.9 Stealth


You had 5 spell levels left.
You didn't know any spells.
Your spell library contained the following spells:

 Spells                   Type           Power      Damage    Failure   Level
 Kiss of Death            Conj/Necr      0%         2d5       30%         1
 Confusing Touch          Hex            0%         N/A       67%         3
 Dispel Undead            Necr           0%         3d6       97%         4


Dungeon Overview and Level Annotations

Branches:
Dungeon (4/15)
 Temple: D:4-7

Altars:

Shops:
D:1 :   D:2 *[


Innate Abilities, Weirdness & Mutations

You are small and have problems with some larger weapons.
You are completely attuned to the shadows.


Message History

You kill the orc!
You puncture the orc!
You kill the orc!
You hear some strange, mumbled words.
You are confused.
The orc priest mumbles some strange prayers to Beogh against you.
Beogh smites you!
Things that are here:
a +0 hand axe; a +0 falchion; an orc corpse You closely miss the orc priest.
You bump into the rock wall.
Something hits you. The orc priest hits you with a +0 club.
You bump into the rock wall.
You feel a strong urge to attack something.
The orc priest hits you with a +0 club.
* * * LOW HITPOINT WARNING * * *
Something hits you.
* * * LOW HITPOINT WARNING * * *
You bump into the rock wall.
You bump into the rock wall.
You feel your anger nearly subside.
You are no longer berserk.
You are exhausted.
You feel yourself slow down. Something hits you.
* * * LOW HITPOINT WARNING * * *
The orc priest hits you with a +0 club.
* * * LOW HITPOINT WARNING * * *
Something hits you.
* * * LOW HITPOINT WARNING * * *
You bump into the rock wall.
Something hits you.
* * * LOW HITPOINT WARNING * * *
The orc priest looks braver for a moment.
Something barely misses you.
You feel better. Something barely misses you.
You hit something. Something hits you.
* * * LOW HITPOINT WARNING * * *
Something hits you.
* * * LOW HITPOINT WARNING * * *
The orc priest invokes the aid of Beogh against you.
Beogh smites you!
You die...

.........
..........
..........
..........
.....o....
.####)##.
####@######
..........#
..........#
...........#
...........#
...........#
...........#
###'###...#
###...##...#


You could see an orc priest.

Vanquished Creatures
  Grinder (D:3)
  Jessica (D:3)
  3 adders
  A worm (D:2)
  4 dart slugs
  2 orcs (D:4)
  2 endoplasms (D:3)
  2 giant cockroaches (D:1)
  5 goblins
  2 hobgoblins
  2 jackals (D:4)
  2 quokkas
  6 ball pythons (D:1)
  10 bats
  2 frilled lizards
  5 kobolds
  4 rats
54 creatures vanquished.

Notes
Turn   | Place    | Note
-------+----------+-------------------------------------------
     0 | D:1      | cforsyth the Kobold Brigand began the quest for the Orb.
     0 | D:1      | Reached XP level 1. HP: 12/12 MP: 1/1
    90 | D:1      | Reached XP level 2. HP: 18/18 MP: 2/2
   154 | D:1      | Found Tat Ysam's Book Boutique.
   247 | D:1      | Reached XP level 3. HP: 6/22 MP: 3/3
   808 | D:2      | Found Riemneci's Antique Armour Shop.
  1082 | D:2      | Reached XP level 4. HP: 11/27 MP: 4/4
  1233 | D:2      | Found Nubuneze's Assorted Antiques.
  1238 | D:2      | Bought a scroll labelled ASIHINW COHETARCH for 22 gold
                  | pieces
  1238 | D:2      | Bought a scroll labelled ASIHINW COHETARCH for 22 gold
                  | pieces
  1455 | D:3      | Noticed Grinder
  1458 | D:3      | Killed Grinder
  1459 | D:3      | Reached skill level 6 in Stealth
  1459 | D:3      | Reached XP level 5. HP: 33/33 MP: 5/5
  1459 | D:3      | Reached XP level 6. HP: 38/38 MP: 6/6
  1738 | D:3      | Noticed Jessica
  1745 | D:3      | Killed Jessica
  2342 | D:4      | Killed from afar by an orc priest

Illustrated notes

Levels and vault maps discovered:
D:1:      eino_arrival_water_cross, layout_rooms, serial_shops, shop
D:2:      layout_basic, serial_shops, nicolae_shop_advertising_works
          [nicolae_subvault_shop_adworks], nicolae_shop_trees,
          dk_noncrumbling_4, minmay_misc_feat_x
D:3:      layout_loops_ring, uniq_grinder, uniq_jessica
D:4:      layout_gridville, serial_shops, shop, shop, kennysheep_little_box

Skill      XL: |  1  2  3  4  5  6 |
---------------+-------------------+-----
Short Blades   | 3 4 |  4.8
Dodging        | 2 3 |  3.8
Fighting       | 3 4 |  4.0
Stealth        | 6 |  6.9
Throwing       | |  2.1

Action                     |  1- 3 |  4- 6 || total
---------------------------+-------+-------++-------
  Melee: Dagger            |    80 |    68 ||   148
    Use: Potion            |       |     4 ||     4
   Stab: Sleeping          |    18 |    14 ||    32
 Armour: Robe              |    22 |    13 ||    35
  Dodge: Dodged            |    47 |    36 ||    83

Table legend: (Time is in decaauts)
 A = Elapsed time spent in this place.
 B = Non-inter-level travel time spent in this place.
 C = Inter-level travel time spent in this place.
 D = Time resting spent in this place.
 E = Time spent auto-exploring this place.
 F = Levels seen in this place.
 G = Mean time per level.
                   A        B        C        D        E       F      G
               +--------+--------+--------+--------+--------+-----+--------+
         Total |   2314 |   2257 |     57 |     79 |   1840 |   4 |  578.5 |
       Dungeon |   2314 |   2257 |     57 |     79 |   1840 |   4 |  578.5 |
               +--------+--------+--------+--------+--------+-----+--------+

Top non-repeatable levels by time:
     D:2: 888 daAuts
     D:3: 830 daAuts
     D:1: 515 daAuts
     D:4: 80 daAuts
